SR
MOOSE JAW CANUCKS @ AMARILLO WARHEADS
08/02/2041
 
TOP OF THE 1ST
Moose Jaw Canucks batting - Pitching for Amarillo Warheads : RHP Khoury Abdul-Rahim
Pitching: RHP Khoury Abdul-Rahim
Batting: RHB Antenor Reizenstein 0-0: Called Strike
0-1: Called Strike
0-2: Ball
1-2: Strikes out swinging
Batting: RHB Michael Hudson 0-0: Ball
1-0: Called Strike
1-1: Called Strike
1-2: Foul Ball, location: 2F
1-2: Ball
2-2: SINGLE (Groundball, 6MD, EV 98.8 MPH)
Batting: RHB Gonzalo Perales 0-0: Ball
1-0: Foul Ball, location: 2F
1-1: Swinging Strike
1-2: Foul Ball, location: 2F
1-2: DOUBLE (Line Drive, 89M, EV 96.9 MPH)
Michael Hudson to third
Michael Hudson scores
Batting: RHB Caleb Kennedy 0-0: Ground out 4-3 (Groundball, 4M, EV 96.2 MPH)
Gonzalo Perales to third
Batting: RHB Chris Miller 0-0: Ball
1-0: Foul Ball, location: 2F
1-1: Ball
2-1: Ball
3-1: Ground out 5-3 (Groundball, 56, EV 102.5 MPH)
Top of the 1st over - 1 run, 2 hits, 0 errors, 1 left on base; Moose Jaw 1 - Amarillo 0
BOTTOM OF THE 1ST
Amarillo Warheads batting - Pitching for Moose Jaw Canucks : RHP Artie Hankins
Pitching: RHP Artie Hankins
Batting: RHB Bao-tian Tong 0-0: Ball
1-0: Called Strike
1-1: Ground out 1-3 (Groundball, 25, EV 83.1 MPH)
Batting: RHB Muralidhara Neena 0-0: Foul Ball, location: 2F
0-1: Ball
1-1: Ball
2-1: Ground out 6-3 (Groundball, 6, EV 86.9 MPH)
Batting: SHB Mario Roldán 0-0: Ball
1-0: Foul Ball, location: 2F
1-1: Foul Ball, location: 2F
1-2: Strikes out swinging
Bottom of the 1st over - 0 runs, 0 hits, 0 errors, 0 left on base; Moose Jaw 1 - Amarillo 0
TOP OF THE 2ND
Moose Jaw Canucks batting - Pitching for Amarillo Warheads : RHP Khoury Abdul-Rahim
Batting: RHB Jeremy Watson 0-0: Swinging Strike
0-1: Ball
1-1: Called Strike
1-2: Ground out 6-3 (Groundball, 6, EV 108.8 MPH)
Batting: RHB Chad Edwards 0-0: Swinging Strike
0-1: Foul Ball, location: 2F
0-2: Ball
1-2: Ball
2-2: Ball
3-2: Foul Ball, location: 2F
3-2: Foul Ball, location: 2F
3-2: Foul Ball, location: 2F
3-2: Base on Balls
Batting: RHB Vsevolod Bagdasaroff 0-0: 2-RUN HOME RUN (Flyball, 7D, EV 93.8 MPH), Distance : 360 ft
Batting: RHB Slavko Utjesenovic 0-0: Ball
1-0: Called Strike
1-1: SINGLE (Flyball, 9S, EV 85.0 MPH)
Batting: RHB Antenor Reizenstein 0-0: SINGLE (Groundball, 56D, EV 101.2 MPH)
Slavko Utjesenovic to second
Batting: RHB Michael Hudson 0-0: Ball
1-0: Foul Ball, location: 2F
1-1: Ball
2-1: Ball
3-1: Foul Ball, location: 2F
3-2: DOUBLE (Flyball, 8RD, EV 93.1 MPH)
Slavko Utjesenovic scores
Antenor Reizenstein to third
Batting: RHB Gonzalo Perales 0-0: Called Strike
0-1: Foul Ball, location: 2F
0-2: Ball
1-2: Foul Ball, location: 2F
1-2: Ground out 4-3 (Groundball, 4, EV 110.0 MPH)
Antenor Reizenstein scores
Michael Hudson to third
Batting: RHB Caleb Kennedy 0-0: Swinging Strike
0-1: Ground out U3 (Groundball, 3, EV 102.5 MPH)
Top of the 2nd over - 4 runs, 4 hits, 0 errors, 1 left on base; Moose Jaw 5 - Amarillo 0
BOTTOM OF THE 2ND
Amarillo Warheads batting - Pitching for Moose Jaw Canucks : RHP Artie Hankins
Batting: RHB Yataro Nagai 0-0: Ball
1-0: SINGLE (Line Drive, 78M, EV 110.6 MPH)
Batting: RHB Getoff Mylawn 0-0: Foul Ball, location: 2F
0-1: Ball
1-1: Foul Ball, location: 2F
1-2: Foul Ball, location: 2F
1-2: Strikes out looking
Batting: LHB Michael Carlton 0-0: Ball
1-0: Called Strike
Yataro Nagai is caught stealing 2nd base 2-6
1-1: Foul Ball, location: 2F
1-2: Foul Ball, location: 2F
1-2: Strikes out swinging
Bottom of the 2nd over - 0 runs, 1 hit, 0 errors, 0 left on base; Moose Jaw 5 - Amarillo 0
TOP OF THE 3RD
Moose Jaw Canucks batting - Pitching for Amarillo Warheads : RHP Khoury Abdul-Rahim
Batting: RHB Chris Miller 0-0: Ground out 4-3 (Groundball, 4M, EV 93.8 MPH)
Batting: RHB Jeremy Watson 0-0: Foul Ball, location: 2F
0-1: Called Strike
0-2: Ball
1-2: Ball
2-2: SINGLE (Line Drive, 56D, EV 96.2 MPH)
Batting: RHB Chad Edwards 0-0: Swinging Strike
0-1: Ball
1-1: Foul Ball, location: 2F
1-2: Ball
2-2: Strikes out swinging
Batting: RHB Vsevolod Bagdasaroff 0-0: Called Strike
0-1: Called Strike
0-2: Ball
1-2: Strikes out swinging
Top of the 3rd over - 0 runs, 1 hit, 0 errors, 1 left on base; Moose Jaw 5 - Amarillo 0
BOTTOM OF THE 3RD
Amarillo Warheads batting - Pitching for Moose Jaw Canucks : RHP Artie Hankins
Batting: RHB Indergabriell Marifosque 0-0: Ground out 6-3 (Groundball, 6, EV 107.5 MPH)
Batting: RHB Ron Burnett 0-0: Called Strike
0-1: TRIPLE (Line Drive, 89XD, EV 106.9 MPH)
Batting: RHB Anthony Bonham 0-0: SINGLE (Line Drive, 7LS, EV 98.1 MPH)
Ron Burnett scores
Batting: RHB Bao-tian Tong 0-0: Foul Ball, location: 2F
0-1: Fly out, F3 (Popup, 3SF, EV 81.2 MPH)
Batting: RHB Muralidhara Neena 0-0: Ball
1-0: Foul Ball, location: 2F
1-1: Called Strike
1-2: Ball
2-2: Ball
3-2: DOUBLE (Flyball, 89D, EV 111.2 MPH)
Anthony Bonham to third
Anthony Bonham scores
Batting: SHB Mario Roldán 0-0: SINGLE (Groundball, 56D, EV 103.8 MPH)
Muralidhara Neena to third
Runner from 3rd tries for Home, SAFE, no throw by LF
Batting: RHB Yataro Nagai 0-0: Ball
1-0: Fly out, F8 (Flyball, 8LD, EV 101.9 MPH)
Bottom of the 3rd over - 3 runs, 4 hits, 0 errors, 1 left on base; Moose Jaw 5 - Amarillo 3
TOP OF THE 4TH
Moose Jaw Canucks batting - Pitching for Amarillo Warheads : RHP Khoury Abdul-Rahim
Batting: RHB Slavko Utjesenovic 0-0: Ball
1-0: Foul Ball, location: 2F
1-1: Foul Ball, location: 2F
1-2: Strikes out swinging
Batting: RHB Antenor Reizenstein 0-0: Foul Ball, location: 2F
0-1: Called Strike
0-2: Strikes out swinging
Batting: RHB Michael Hudson 0-0: Ball
1-0: Ball
2-0: Ball
3-0: Base on Balls
Batting: RHB Gonzalo Perales 0-0: Called Strike
0-1: Foul Ball, location: 2F
0-2: Ball
1-2: Foul Ball, location: 2F
1-2: SINGLE (Groundball, 6D, EV 94.4 MPH)
Michael Hudson to second
Batting: RHB Caleb Kennedy 0-0: DOUBLE (Line Drive, 5D, EV 107.5 MPH)
Michael Hudson scores
Gonzalo Perales to third
Runner from 3rd tries for Home, SAFE, no throw by LF
Pitching: RHP Jack Geake
Batting: RHB Chris Miller 0-0: Called Strike
0-1: Ball
1-1: Swinging Strike
1-2: Ball
2-2: Ball
3-2: Base on Balls
Batting: RHB Jeremy Watson 0-0: Ball
1-0: Foul Ball, location: 2F
1-1: Ball
2-1: Fielders Choice at 2nd, 6-4 (Groundball, 6, EV 84.4 MPH)
Top of the 4th over - 2 runs, 2 hits, 0 errors, 2 left on base; Moose Jaw 7 - Amarillo 3
BOTTOM OF THE 4TH
Amarillo Warheads batting - Pitching for Moose Jaw Canucks : RHP Artie Hankins
Batting: RHB Getoff Mylawn 0-0: SINGLE (Groundball, 56D, EV 103.1 MPH)
Batting: LHB Michael Carlton 0-0: Called Strike
0-1: Ball
1-1: 2-RUN HOME RUN (Flyball, 9LD, EV 101.9 MPH), Distance : 335 ft
Batting: RHB Indergabriell Marifosque 0-0: Ball
1-0: Ball
2-0: Called Strike
2-1: Fly out, F9 (Flyball, 9D, EV 81.9 MPH)
Batting: RHB Ron Burnett 0-0: Foul Ball, location: 2F
0-1: Fly out, F8 (Flyball, 8RM, EV 90.6 MPH)
Batting: RHB Anthony Bonham 0-0: Called Strike
0-1: Fly out, F8 (Flyball, 8RD, EV 76.9 MPH)
Bottom of the 4th over - 2 runs, 2 hits, 0 errors, 0 left on base; Moose Jaw 7 - Amarillo 5
TOP OF THE 5TH
Moose Jaw Canucks batting - Pitching for Amarillo Warheads : RHP Jack Geake
Batting: RHB Chad Edwards 0-0: Ball
1-0: Swinging Strike
1-1: Called Strike
1-2: Ball
2-2: Foul Ball, location: 2F
2-2: Ball
3-2: Foul Ball, location: 2F
3-2: Strikes out swinging
Batting: RHB Vsevolod Bagdasaroff 0-0: Called Strike
0-1: Foul Ball, location: 2F
0-2: Ball
1-2: Ball
2-2: Foul Ball, location: 2F
2-2: Ground out 6-3 (Groundball, 6, EV 77.5 MPH)
Batting: RHB Slavko Utjesenovic 0-0: Foul Ball, location: 2F
0-1: Fly out, F9 (Flyball, 9S, EV 91.9 MPH)
Top of the 5th over - 0 runs, 0 hits, 0 errors, 0 left on base; Moose Jaw 7 - Amarillo 5
BOTTOM OF THE 5TH
Amarillo Warheads batting - Pitching for Moose Jaw Canucks : RHP Artie Hankins
Batting: RHB Bao-tian Tong 0-0: Swinging Strike
0-1: Ball
1-1: Foul Ball, location: 2F
1-2: Foul Ball, location: 2F
1-2: Ball
2-2: Foul Ball, location: 2F
2-2: Strikes out looking
Batting: RHB Muralidhara Neena 0-0: Ball
1-0: SOLO HOME RUN (Flyball, 9D, EV 101.2 MPH), Distance : 371 ft
Pitching: RHP Eisaku Ishikawa
Batting: SHB Mario Roldán 0-0: Ball
1-0: Ball
2-0: Ground out 4-3 (Groundball, 34D, EV 90.0 MPH)
Batting: RHB Yataro Nagai 0-0: Ball
1-0: SINGLE (Groundball, 56D, EV 100.6 MPH)
Batting: RHB Getoff Mylawn 0-0: Ball
1-0: SINGLE (Line Drive, 9S, EV 109.4 MPH)
Yataro Nagai to second
Batting: LHB Michael Carlton 0-0: Ball
1-0: Fly out, F5 (Popup, 6S, EV 80.6 MPH)
Bottom of the 5th over - 1 run, 3 hits, 0 errors, 2 left on base; Moose Jaw 7 - Amarillo 6
TOP OF THE 6TH
Moose Jaw Canucks batting - Pitching for Amarillo Warheads : RHP Jack Geake
Batting: RHB Antenor Reizenstein 0-0: Called Strike
0-1: Fly out, F5 (Popup, 5SF, EV 76.2 MPH)
Batting: RHB Michael Hudson 0-0: Swinging Strike
0-1: Foul Ball, location: 2F
0-2: Ball
1-2: Strikes out swinging
Batting: RHB Gonzalo Perales 0-0: Called Strike
0-1: Swinging Strike
0-2: Strikes out swinging
Top of the 6th over - 0 runs, 0 hits, 0 errors, 0 left on base; Moose Jaw 7 - Amarillo 6
BOTTOM OF THE 6TH
Amarillo Warheads batting - Pitching for Moose Jaw Canucks : RHP Eisaku Ishikawa
Batting: RHB Indergabriell Marifosque 0-0: Ball
1-0: Foul Ball, location: 2F
1-1: Called Strike
1-2: Ground out 6-3 (Groundball, 6, EV 88.1 MPH)
Batting: RHB Ron Burnett 0-0: Ball
1-0: Called Strike
1-1: Ball
2-1: Foul Ball, location: 2F
2-2: Foul Ball, location: 2F
2-2: Ball
3-2: Foul Ball, location: 2F
3-2: SINGLE (Groundball, 56D, EV 95.0 MPH)
Batting: RHB Anthony Bonham 0-0: Ball
1-0: Grounds into double play, 4-6-3 (Groundball, 4, EV 110.0 MPH)
Bottom of the 6th over - 0 runs, 1 hit, 0 errors, 0 left on base; Moose Jaw 7 - Amarillo 6
TOP OF THE 7TH
Moose Jaw Canucks batting - Pitching for Amarillo Warheads : RHP Jack Geake
Batting: RHB Caleb Kennedy 0-0: SINGLE (Groundball, 6D, EV 96.2 MPH)
Batting: RHB Chris Miller 0-0: Ball
1-0: Swinging Strike
1-1: Ball
2-1: Swinging Strike
2-2: Ball
3-2: Strikes out swinging
Batting: RHB Jeremy Watson 0-0: Ball
1-0: Ball
2-0: Foul Ball, location: 2F
2-1: Fly out, F6 (Line Drive, 6, EV 69.4 MPH)
Batting: RHB Chad Edwards 0-0: Ball
1-0: Ball
2-0: Foul Ball, location: 2F
2-1: SINGLE (Flyball, 7S, EV 98.8 MPH)
Caleb Kennedy to second
Pinch Runner at 2nd Carlos Rivera:
Batting: RHB Vsevolod Bagdasaroff 0-0: Foul Ball, location: 2F
0-1: Ball
1-1: Called Strike
1-2: Ball
Passed Ball!
Carlos Rivera to third
Chad Edwards to second
2-2: Strikes out swinging
Top of the 7th over - 0 runs, 2 hits, 0 errors, 2 left on base; Moose Jaw 7 - Amarillo 6
BOTTOM OF THE 7TH
Amarillo Warheads batting - Pitching for Moose Jaw Canucks : RHP Eisaku Ishikawa
Now at 1B: Iwane Harada
Batting: RHB Bao-tian Tong 0-0: Called Strike
0-1: Ball
1-1: Foul Ball, location: 2F
1-2: Fly out, F8 (Flyball, 8LD, EV 72.5 MPH)
Batting: RHB Muralidhara Neena 0-0: Called Strike
0-1: Foul Ball, location: 2F
0-2: SINGLE (Flyball, 9S, EV 88.8 MPH)
Pitching: LHP Jesús Árias
Batting: SHB Mario Roldán 0-0: Ball
1-0: Ball
2-0: SINGLE (Line Drive, 34D, EV 98.8 MPH)
Muralidhara Neena to second
Runner from 2nd tries for 3rd, SAFE, throw by RF made to third
Batting: RHB Yataro Nagai 0-0: Ball
1-0: Called Strike
1-1: Swinging Strike
1-2: Ball
2-2: Foul Ball, location: 2F
2-2: Foul Ball, location: 2F
2-2: Foul Ball, location: 2F
2-2: Foul Ball, location: 2F
2-2: Fly out, F8 (Flyball, 89M, EV 90.6 MPH)
Runner from 3rd tags up, SCORES, throw by CF
Batting: RHB Getoff Mylawn 0-0: Ball
1-0: Ball
2-0: Swinging Strike
2-1: Foul Ball, location: 2F
2-2: Ball
3-2: Strikes out swinging
Bottom of the 7th over - 1 run, 2 hits, 0 errors, 1 left on base; Moose Jaw 7 - Amarillo 7
TOP OF THE 8TH
Moose Jaw Canucks batting - Pitching for Amarillo Warheads : RHP Jack Geake
Batting: RHB Slavko Utjesenovic 0-0: Called Strike
0-1: Swinging Strike
0-2: Ball
1-2: Ground out 6-3 (Groundball, 6S, EV 83.1 MPH)
Batting: RHB Antenor Reizenstein 0-0: Called Strike
0-1: SINGLE (Groundball, 56D, EV 105.6 MPH)
Pitching: RHP Alfredo Flores
Batting: RHB Michael Hudson 0-0: Ball
1-0: Foul Ball, location: 2F
1-1: Foul Ball, location: 2F
1-2: Foul Ball, location: 2F
1-2: Ball
2-2: Fielders Choice at 2nd, 1-6 (Groundball, 13, EV 85.0 MPH)
Batting: RHB Gonzalo Perales 0-0: Called Strike
0-1: Foul Ball, location: 2F
0-2: Strikes out looking
Top of the 8th over - 0 runs, 1 hit, 0 errors, 1 left on base; Moose Jaw 7 - Amarillo 7
BOTTOM OF THE 8TH
Amarillo Warheads batting - Pitching for Moose Jaw Canucks : LHP Jesús Árias
Pitching: LHP Armando Mata
Batting: LHB Michael Carlton 0-0: Ball
1-0: SINGLE (Line Drive, 9LS, EV 103.1 MPH)
Batting: RHB Indergabriell Marifosque 0-0: Ball
1-0: Swinging Strike
1-1: Called Strike
1-2: Fielders Choice at 2nd, 4-6 (Groundball, 4, EV 105.6 MPH)
Batting: RHB Ron Burnett 0-0: Ball
1-0: Foul Ball, location: 2F
1-1: Fly out, F9 (Flyball, 9S, EV 93.1 MPH)
Batting: RHB Anthony Bonham 0-0: Fly out, F8 (Flyball, 78D, EV 79.4 MPH)
Bottom of the 8th over - 0 runs, 1 hit, 0 errors, 1 left on base; Moose Jaw 7 - Amarillo 7
TOP OF THE 9TH
Moose Jaw Canucks batting - Pitching for Amarillo Warheads : RHP Alfredo Flores
Batting: RHB Iwane Harada 0-0: Ground out 5-3 (Groundball, 56, EV 110.6 MPH)
Batting: RHB Chris Miller 0-0: Foul Ball, location: 2F
0-1: Swinging Strike
0-2: Foul Ball, location: 2F
0-2: Ball
1-2: Strikes out looking
Pinch Hitting: RHB Jesús Odilia 0-0: Swinging Strike
0-1: Ball
1-1: Ball
2-1: Called Strike
2-2: Ball
3-2: Fly out, F7 (Flyball, 78D, EV 91.9 MPH)
Top of the 9th over - 0 runs, 0 hits, 0 errors, 0 left on base; Moose Jaw 7 - Amarillo 7
BOTTOM OF THE 9TH
Amarillo Warheads batting - Pitching for Moose Jaw Canucks : LHP Armando Mata
Now in LF: Kyuso Noguchi
Batting: RHB Bao-tian Tong 0-0: Ball
1-0: Called Strike
1-1: Ball
2-1: Foul Ball, location: 2F
2-2: Fly out, F9 (Flyball, 9S, EV 84.4 MPH)
Batting: RHB Muralidhara Neena 0-0: Foul Ball, location: 2F
0-1: Foul Ball, location: 2F
0-2: Foul Ball, location: 2F
0-2: Ball
1-2: Foul Ball, location: 2F
1-2: Ball
2-2: SOLO HOME RUN (Flyball, 78XD, EV 101.2 MPH), Distance : 403 ft
Tuesday, January 5th, 2021 - OOTP Baseball 20.8 Build 74